[Event "Live Chess"]
[Site "Chess.com"]
[Date "2023.05.21"]
[Round "-"]
[White "elephantgerrald"]
[Black "TheSmoulderingMaster"]
[Result "0-1"]
[WhiteElo "677"]
[BlackElo "1660"]
[TimeControl "300"]
[EndTime "6:46:49 PDT"]
[Termination "TheSmoulderingMaster won by checkmate"]

1. e4 c5 2. d4 cxd4 3. Qxd4 Nc6 4. Qe3 e6 5. Nf3 Nf6 6. g3 b6 7. Bg2 Bc5 8. Qe2 O-O 9. O-O d5 10. exd5 exd5 11. Nc3 Bg4 12. h3 Bh5 13. Bg5 Nd4 14.
Bxf6 Qxf6 15. Nxd5 Nxe2+ 16. Kh2 Qd6 17. Ng5 Bxf2 18.
Rxf2 Qxg3+ 19. Kh1 Qxg5 20. Ne7+ Qxe7 21. Bxa8 Rxa8 22.
Raf1 Qe4+ 23. Kh2 Qe5+ 24. Kg2 Rd8 25. c3 Qg3+ 26. Kh1 Qxh3+ 27. Rh2 Qxf1# 0-1

[Event "Live Chess"]
[Site "Chess.com"]
[Date "2023.05.21"]
[Round "-"]
[White "lateforthesky"]
[Black "GMHarry-youtube"]
[Result "1/2-1/2"]
[WhiteElo "2109"]
[BlackElo "2040"]
[TimeControl "300"]
[EndTime "6:46:56 PDT"]
[Termination "Game drawn - timeout vs insufficient material"]

1. e4 c5 2. Nf3 d6 3. Nc3 Nf6 4. e5 dxe5 5. Nxe5 Nbd7 6. d4 cxd4 7. Qxd4 Nxe5 8. Qxe5 e6 9. Bg5 Be7 10. Bb5+ Bd7 11.
O-O-O a6 12. Bxf6 Bxf6 13. Bxd7+ Qxd7 14. Rxd7 Bxe5 15. Rxb7 O-O 16. Rd1 Rab8 17. Rxb8 Rxb8 18. Rd3 Kf8 19. g3 Ke7 20. f4 Bf6 21. b3 Rc8 22.
Ne4 a5 23. Nxf6 Kxf6 24. c4 a4 25. Kb2 axb3 26. axb3 Ke7 27. Kc3 Ra8 28. c5 Ra1 29.
Rd2 Rc1+ 30. Rc2 Rd1 31. b4 Rb1 32. Kc4 Kd7 33. b5 Kc7 34. h4 Rg1 35. Rc3 Rd1 36.
Rb3 Rc1+ 37. Kb4 Rd1 38. Rc3 Rd4+ 39. Rc4 Rd1 40. Rc3 Rd4+ 41. Ka5 Rd1 42. Rb3 Ra1+ 43. Kb4 Rd1 44. b6+ Kc6 45. Kc3 Rd5 46. b7 Rxc5+ 47.
Kd3 Rd5+ 48. Ke4 f5+ 49. Ke3 Rd8 50. b8=Q Rxb8 51. Rxb8 Kd7 52. Rg8 g6 53. Rg7+ Ke8 54. Rxh7 Kf8 55. Kd4 Kg8 56. Re7 Kf8 57. Rxe6 Kf7 58.
Ke5 Kg7 59. Re7+ Kh6 60. Kf6 Kh5 61. Rg7 Kg4 62. Rxg6+ Kf3 63. Kxf5 Kg2 64. h5 Kh3 65. h6 Kg2 66. h7 Kf2 67. h8=Q Ke3 68. Qh3 Kd4 69. g4 Kc5 70. Rc6+ Kxc6 1/2-1/2

[Event "Live Chess"]
[Site "Chess.com"]
[Date "2023.05.21"]
[Round "-"]
[White "Conradical12"]
[Black "Chesscoach_Golichenko"]
[Result "0-1"]
[WhiteElo "1567"]
[BlackElo "2622"]
[TimeControl "300"]
[EndTime "6:47:07 PDT"]
[Termination "Chesscoach_Golichenko won by checkmate"]

1. a3 e5 2. Nc3 d5 3. Nb1 c5 4. Nc3 Nc6 5. Nb1 f5 6. Nc3 Nf6 7. Nb1 d4 8. Nc3 dxc3 9. Nf3 e4 10. Ng1 cxb2 11. Nf3 bxa1=Q 12. Ng1 Nd5 13. Nf3 Nc3 14. Ng1 Nxd1 15. Nf3 Qxc1 16. Ng1 Ne3# 0-1

[Event "Live Chess"]
[Site "Chess.com"]
[Date "2023.05.21"]
[Round "-"]
[White "Nazar_777"]
[Black "MJMykh"]
[Result "1/2-1/2"]
[WhiteElo "1567"]
[BlackElo "1173"]
[TimeControl "300"]
[EndTime "6:47:25 PDT"]
[Termination "Game drawn by repetition"]

1. e3 e5 2. h4 d5 3. a3 Nc6 4. c4 dxc4 5. Bxc4 Nf6 6. Be2 Bc5 7. Nc3 O-O 8. Qc2 Bd7 9. Nf3 Qc8 10. b4 Bb6 11.
Ne4 Nxe4 12. Qxe4 Bf5 13. Qc4 e4 14. Ng5 h6 15. Nxe4 Bxe4 16. Qxe4 Re8 17. Qc2 Qe6 18. Bb2 Bd4 19. Rc1 Bxb2 20. Qxb2 Rad8 21. g4 Nd4 22. g5 Nxe2 23. Kxe2 Qg4+ 24. Ke1 hxg5 25. hxg5 Qxg5 26. Qc2 Rc8 27. Ke2 Qg4+ 28. Kf1 Qf3 29. Rg1 Qh3+ 30. Ke1 Qh2 31. Ke2 Qh5+ 32. Kf1 Qh3+ 33.
Ke1 g6 34. Qc3 Qh2 35. Ke2 Qh5+ 36. Kf1 Qh3+ 37. Ke1 Qh2 38. Rf1 Qg2 39. Ke2 Qg4+ 40. Kd3 Red8+ 41. Kc2 Qe4+ 42. Kb2 Rd3 43. Qf6 Rxd2+ 44.
Kb3 Qd5+ 45. Ka4 b5+ 46. Ka5 Ra2 47. Rc3 Qb7 48. Qc6 Qxc6 49. Rxc6 Rxa3+ 50. Kxb5 a6+ 51. Kc4 a5 52. Rb1 axb4 53. Rxb4 Ra1 54. Kd3 Rd8+ 55. Ke2 Ra2+ 56. Kf3 Rc8 57. Rb7 Kf8 58. Rcxc7 Rxc7 59. Rxc7 Kg7 60. Kg3 Kf6 61. f4 Ra3 62. Kf3 Ke6 63. Ke4 Ra4+ 64. Kd3 Ra3+ 65. Ke4 Ra4+ 66. Kf3 f6 67. e4 Ra3+ 68. Kg4 f5+ 69. exf5+ gxf5+ 70. Kg5 Rg3+ 71. Kh4 Rf3 72. Kg5 Rg3+ 73. Kh4 Rf3 74. Kg5 Rg3+ 1/2-1/2

[Event "Live Chess"]
[Site "Chess.com"]
[Date "2023.05.21"]
[Round "-"]
[White "Ed_Knox"]
[Black "Doge_Dandolo"]
[Result "0-1"]
[WhiteElo "1444"]
[BlackElo "1906"]
[TimeControl "300"]
[EndTime "6:47:37 PDT"]
[Termination "Doge_Dandolo won on time"]

1. d4 d5 2. Bf4 c5 3. e3 Nf6 4. Nf3 Bf5 5. Nbd2 e6 6. c3 Qb6 7. Qb3 c4 8. Qxb6 axb6 9. Bxb8 Rxb8 10. b3 b5 11. Nh4 Bg6 12. Nxg6 hxg6 13. Be2 Bd6 14. h3 Kd7 15. O-O Ra8 16. bxc4 bxc4 17. Rfb1 Kc7 18. a4 Ra6 19. Bd1 Rha8 20. Rb5 Ra5 21.
Rab1 R8a7 22. f3 Bg3 23. e4 Be1 24. e5 Ne8 25. R1b2 Bxd2 26. Rxd2 Rxb5 27. axb5 b6 28. Rb2 Ra3 29. Rc2 Kb7 30. g4 Nc7 31. f4 Nxb5 32. f5 gxf5 33. gxf5 exf5 34. Bh5 g6 35. Bf3 Nxc3 36.
h4 Ne4 37. h5 Rxf3 38. h6 Ng5 39. Rh2 Nh7 40. Kg2 Rd3 41. Rh4 b5 42. e6 fxe6 43.
Rh1 b4 44. Rb1 b3 45. Kf2 Rxd4 46. Ke3 Rh4 47. Kd2 Rxh6 48. Kc3 Kc6 49. Kd4 Kd6 50.
Re1 Rh4+ 51. Ke3 Nf6 52. Re2 e5 53. Rh2 Rxh2 54. Kf3 Rh3+ 55. Ke2 d4 56. Kd1 c3 57.
Kc1 e4 58. Kb1 d3 0-1

[Event "Live Chess"]
[Site "Chess.com"]
[Date "2023.05.21"]
[Round "-"]
[White "Missedidea"]
[Black "1600x"]
[Result "0-1"]
[WhiteElo "1769"]
[BlackElo "1907"]
[TimeControl "300"]
[EndTime "6:47:39 PDT"]
[Termination "1600x won by resignation"]

1. d4 Nf6 2. c4 c6 3. Nc3 d5 4.
Nf3 dxc4 5. e4 b5 6. e5 Nd5 7.
a4 Qa5 8. Bd2 b4 9. Ne4 c3 10.
Bc1 Bf5 11. Bd3 e6 12. O-O Nd7 13. Qc2 b3 14. Qe2 Bxe4 15. Bxe4 Bb4 16. Rd1 c2 17. Rd3 Qa6 18. Kf1 Qc4 19. Nd2 Bxd2 20. Bxd2 Rb8 21. Bxd5 cxd5 22. Qe3 Nb6 23. Ke1 Nxa4 24. Rxb3 Rxb3 25.
Bc3 Nxc3 26. bxc3 Rb1+ 0-1

[Event "Live Chess"]
[Site "Chess.com"]
[Date "2023.05.21"]
[Round "-"]
[White "Tiltador"]
[Black "djw60"]
[Result "0-1"]
[WhiteElo "841"]
[BlackElo "2165"]
[TimeControl "300"]
[EndTime "6:47:49 PDT"]
[Termination "djw60 won by resignation"]

1. e4 e6 2. Nf3 d5 3. d3 Nf6 4. Bg5 dxe4 5. Bxf6 Qxf6 6. dxe4 Qxb2 7. Nbd2 Bb4 8. Be2 O-O 9. O-O Qf6 10. a3 Bc3 11.
Rb1 Nc6 12. Bd3 b6 13. Qe2 Bb7 14. a4 Rad8 15. Rb3 Bxd2 16. Nxd2 Nd4 17. Qe3 Nxb3 18. Nxb3 e5 19. a5 Qf4 20. axb6 Qxe3 21. fxe3 axb6 22. Nd2 Ba6 23. Bxa6 Rxd2 24. c4 Rfd8 25. Bb7 Rd1 26. Bd5 Rxf1+ 27. Kxf1 Kf8 28. Kf2 Ke7 29. Kg3 Rf8 30.
Kg4 Kd6 31. Bb7 c6 32. Ba6 Ra8 33. Bb7 Rb8 34. Ba6 Kc7 35. Kf5 Ra8 36. Bb5 cxb5 37.
cxb5 Re8 38. g4 Kd6 39. g5 Kc5 40. h4 Kxb5 41. h5 Kc4 42. g6 hxg6+ 43. hxg6 fxg6+ 44. Kxg6 b5 45. Kxg7 b4 46. Kf7 Rb8 47. Ke6 Rb5 48. Kf5 b3 49. Kg4 b2 50. Kf3 b1=Q 0-1

[Event "Live Chess"]
[Site "Chess.com"]
[Date "2023.05.21"]
[Round "-"]
[White "martinsmartin63"]
[Black "smoggyrabbit"]
[Result "0-1"]
[WhiteElo "758"]
[BlackElo "1629"]
[TimeControl "300"]
[EndTime "6:47:52 PDT"]
[Termination "smoggyrabbit won by resignation"]

1. e4 e6 2. Nf3 d5 3. d4 Nf6 4. Nc3 c5 5. e5 Nfd7 6. Bg5 Be7 7. Qd2 h6 8. Bxe7 Qxe7 9. Bb5 a6 10. Bxd7+ Bxd7 11.
O-O Nc6 12. a3 O-O 13. Rfd1 cxd4 14. Nxd4 Nxe5 15. Qf4 Ng6 16. Qg3 Qh4 17. Qxh4 Nxh4 18. g3 Ng6 19. Rd3 Bc6 20. Nxc6 bxc6 21. Rad1 Ne5 22.
Rd4 Nf3+ 23. Kf1 Nxd4 24. Rxd4 Rab8 25. b4 Rfc8 26. Na4 Rb5 27. Nc5 a5 28. Nd7 axb4 29.
Rxb4 Rxb4 30. axb4 Rc7 31. Nc5 Ra7 32. Kg2 Ra2 33.
c4 dxc4 34. b5 cxb5 35. Ne4 b4 36. Nd2 c3 0-1

[Event "Live Chess"]
[Site "Chess.com"]
[Date "2023.05.21"]
[Round "-"]
[White "Leonid_Starozhilov"]
[Black "DRS44"]
[Result "1-0"]
[WhiteElo "2623"]
[BlackElo "1322"]
[TimeControl "300"]
[EndTime "6:48:01 PDT"]
[Termination "Leonid_Starozhilov won by resignation"]

1. d4 d5 2. Nf3 c5 3. c4 dxc4 4. d5 e6 5. e4 exd5 6. exd5 b5 7. a4 b4 8. Bxc4 Nf6 9. O-O Bg4 10.
h3 Bh5 11. Re1+ Be7 12. d6 Bxf3 13.
Qxf3 1-0

[Event "Live Chess"]
[Site "Chess.com"]
[Date "2023.05.21"]
[Round "-"]
[White "AMCWAML"]
[Black "ShanthamGrarks"]
[Result "1-0"]
[WhiteElo "2265"]
[BlackElo "1976"]
[TimeControl "300"]
[EndTime "6:48:19 PDT"]
[Termination "AMCWAML won by resignation"]

1. Nf3 e6 2. c4 c6 3. g3 d5 4. Bg2 Nf6 5. O-O Be7 6. b3 O-O 7. Bb2 Nbd7 8. d4 h6 9. Nc3 Nh7 10. e4 dxe4 11. Nxe4 Ndf6 12. Nc3 Ng4 13. Qe2 Ngf6 14.
Rad1 Rb8 15. Rfe1 Qa5 16. Ne5 Rd8 17. Rd3 Nd7 18. Nxf7 Kxf7 19. Qxe6+ Kf8 20. Qxe7+ Kg8 21. b4 Qc7 22. d5 Rf8 23. d6 Qd8 24. c5 Nhf6 25.
Qe6+ Kh8 26. Ne4 Nxc5 27. Nxc5 Bxe6 28. Nxe6 Qd7 29. Nxf8 Rxf8 30. Re7 Qf5 31. Rd1 Nd5 32. Bxg7+ Kg8 33. Bxd5+ cxd5 34. Bxf8 Kxf8 35. Rc7 d4 36.
Rxd4 Qb1+ 37. Kg2 Qb2 38. Rf4+ Ke8 39. Re7+ 1-0

[Event "Live Chess"]
[Site "Chess.com"]
[Date "2023.05.21"]
[Round "-"]
[White "ProfPoisson"]
[Black "mattihelenius2"]
[Result "1-0"]
[WhiteElo "1218"]
[BlackElo "490"]
[TimeControl "300"]
[EndTime "6:48:27 PDT"]
[Termination "ProfPoisson won by resignation"]

1. e4 e6 2. d4 d5 3. e5 Nf6 4. exf6 Qxf6 5. Nf3 Nc6 6. Bb5 a6 7. Bxc6+ bxc6 8. O-O Be7 9. Bg5 Qf5 10. Bxe7 Kxe7 11.
Ne5 Rf8 12. Nxc6+ Kd7 13. Ne5+ Ke7 14. Nd2 Bb7 15. Ndf3 Qe4 16. Re1 Qf4 17. Qd2 Qxd2 18. Nxd2 f6 19. Nef3 e5 20. dxe5 d4 21. exf6+ Kxf6 22. Nxd4 Kg6 23. Rad1 Rae8 24. Rxe8 Rxe8 25. N2f3 Bxf3 26.
Nxf3 c5 27. h4 Re2 28. Rd2 Re6 29. c4 a5 30. Kf1 Kf5 31. a3 h6 32. Rd5+ Ke4 33.
Rxc5 Rd6 34. Re5+ Kd3 35. Rd5+ Rxd5 36. cxd5 Kc4 37. d6 Kc5 38. d7 1-0

[Event "Live Chess"]
[Site "Chess.com"]
[Date "2023.05.21"]
[Round "-"]
[White "NatashaRegan"]
[Black "Mugzwang"]
[Result "1-0"]
[WhiteElo "1708"]
[BlackElo "1509"]
[TimeControl "300"]
[EndTime "6:48:33 PDT"]
[Termination "NatashaRegan won by checkmate"]

1. e4 c5 2. d4 cxd4 3. c3 Nf6 4.
e5 Nd5 5. cxd4 Nc6 6. Bc4 Nb6 7.
Bb3 d6 8. exd6 Qxd6 9. Ne2 Be6 10. Nbc3 g6 11. O-O Bg7 12. d5 Bxc3 13. Nxc3 Nxd5 14.
Bxd5 Bxd5 15. Qxd5 Qb4 16. Re1 Rd8 17. Qg5 O-O 18. a3 Qb6 19. Be3 Qxb2 20. Nd5 Qb3 21. Nxe7+ Nxe7 22. Qxe7 Rde8 23. Qf6 Re6 24. Qd4 Rfe8 25.
h4 Qc2 26. Rac1 Qf5 27. Rc5 Qe4 28. Qxe4 Rxe4 29. h5 b6 30. Rd5 f5 31. Rc1 f4 32.
Bd4 f3 33. gxf3 Rh4 34. hxg6 hxg6 35. Rc7 Re1+ 36. Kg2 Rd1 37. Rd8# 1-0

[Event "Live Chess"]
[Site "Chess.com"]
[Date "2023.05.21"]
[Round "-"]
[White "tpm07"]
[Black "viktorskliarov"]
[Result "0-1"]
[WhiteElo "1946"]
[BlackElo "2651"]
[TimeControl "300"]
[EndTime "6:48:34 PDT"]
[Termination "viktorskliarov won by resignation"]

1. e4 c5 2. Nf3 Nc6 3. d4 cxd4 4. Nxd4 g6 5. c4 Bg7 6. Be3 Nf6 7. Nc3 Ng4 8. Qxg4 Nxd4 9. Qd1 Ne6 10. Be2 Bxc3+ 11. bxc3 d6 12. O-O O-O 13. f4 Nc5 14. e5 Be6 15. exd6 Qxd6 16. Qxd6 exd6 17. Rfd1 Rad8 18. Rd4 Rd7 19. Rad1 Rfd8 20. Bf3 f5 21. Bd5 Bxd5 22.
Rxd5 Ne4 23. R1d3 b6 24. a4 Rc8 25. a5 Rxc4 26. axb6 axb6 27. Bxb6 Rxc3 28. Rxc3 Nxc3 29. Ra5 d5 30. Bd4 Ne2+ 0-1

[Event "Live Chess"]
[Site "Chess.com"]
[Date "2023.05.21"]
[Round "-"]
[White "ameetghasi100"]
[Black "GEMdzq"]
[Result "1-0"]
[WhiteElo "2583"]
[BlackElo "2245"]
[TimeControl "300"]
[EndTime "6:48:36 PDT"]
[Termination "ameetghasi100 won by resignation"]

1. d4 Nf6 2. Nf3 e6 3. Nc3 c5 4. d5 exd5 5. Nxd5 Nxd5 6. Qxd5 Nc6 7. Bf4 d6 8. O-O-O Be6 9. Qe4 d5 10. Qa4 Be7 11. e4 d4 12. Bc4 Qc8 13. h4 O-O 14. Ng5 Bxc4 15. Qxc4 h6 16. Rd3 b5 17. Qxb5 a6 18. Qc4 Qg4 19. Bg3 hxg5 20. hxg5 Bxg5+ 21. Kb1 Qxe4 22. Qxc5 Bh6 23. f3 Qg6 24. Bd6 Rfc8 25. f4 Ne7 26. Qa3 Nf5 27. Be5 Qxg2 28. Rc1 Ne3 29.
Qb3 Nc4 30. Rcd1 Nxe5 31. fxe5 Be3 32. e6 Rab8 33. exf7+ Kf8 34. Qa4 Kxf7 35. a3 Rb6 36.
Qd7+ Kg6 37. Qxc8 Rc6 38. Qe8+ Kh7 39. Qh5+ Kg8 40. c3 dxc3 41. Rxc3 Rb6 42. Qd5+ Qxd5 43. Rxd5 Bg5 44. Rc8+ Kf7 45. Rxg5 1-0

[Event "Live Chess"]
[Site "Chess.com"]
[Date "2023.05.21"]
[Round "-"]
[White "OleksiyJr1"]
[Black "hturner40"]
[Result "1/2-1/2"]
[WhiteElo "1012"]
[BlackElo "1767"]
[TimeControl "300"]
[EndTime "6:48:37 PDT"]
[Termination "Game drawn - timeout vs insufficient material"]

1. e4 Nc6 2. Nf3 e5 3. Nc3 Nf6 4. Bb5 Bd6 5. d3 O-O 6. O-O Ne7 7. Re1 c6 8. Bc4 Bb8 9. a3 d5 10. exd5 cxd5 11. Ba2 Ng6 12. Bg5 Qd6 13. Bxf6 gxf6 14. Nxd5 f5 15. Nc3 Be6 16. Qd2 Rd8 17. Re2 e4 18.
dxe4 Nf4 19. Qxd6 Nxe2+ 20. Kf1 Bxd6 21. Kxe2 Bxa2 22. Rxa2 fxe4 23. Nxe4 Re8 24. Kd3 Be5 25. Nxe5 Rad8+ 26. Ke3 Rxe5 27. f4 Re7 28. Kf3 f5 29. Ng5 Rd2 30. Ra1 Ree2 31. Rc1 Rf2+ 32. Ke3 Rde2+ 33.
Kd3 Rxg2 34. c4 Rxb2 35. c5 Rxh2 36. Ne6 Rh3+ 37. Kd4 Rxa3 38. Nd8 Rb4+ 39. Ke5 Raa4 40. Kxf5 Rxf4+ 41. Ke5 Rae4+ 42. Kd6 Rd4+ 43. Kc7 Rc4 44. Nxb7 Rxc1 45. c6 Rfc4 46. Kb8 Rxc6 47. Kxa7 Rc7 48.
Ka6 Rxb7 49. Kxb7 h5 50. Kb6 h4 51. Kb5 h3 52. Kb4 h2 53. Kb3 h1=Q 54. Kb2 Qd1 55. Ka3 Qc2 56. Kb4 Rb1+ 57. Ka3 1/2-1/2

[Event "Live Chess"]
[Site "Chess.com"]
[Date "2023.05.21"]
[Round "-"]
[White "domrobson"]
[Black "KeithArkell"]
[Result "0-1"]
[WhiteElo "1766"]
[BlackElo "2487"]
[TimeControl "300"]
[EndTime "6:48:39 PDT"]
[Termination "KeithArkell won by resignation"]

1. d4 e6 2. c4 Bb4+ 3. Bd2 Bxd2+ 4. Qxd2 Nf6 5. Nc3 d6 6. e4 e5 7. dxe5 dxe5 8. Qxd8+ Kxd8 9. O-O-O+ Ke8 10. Be2 c6 11. h3 Na6 12. Nf3 Nc5 13. Nxe5 Ncxe4 14. Nxe4 Nxe4 15. Rhf1 Be6 16. Bd3 Nc5 17. Bc2 a5 18. Rfe1 Ke7 19. f4 g6 20. g4 Kf6 21. Rd6 Rhd8 22. Red1 Rxd6 23. Rxd6 g5 24. Nd3 Nxd3+ 25. Bxd3 gxf4 26. Bxh7 Rh8 27. Bf5 Rxh3 28. Rd4 Ke5 29. Re4+ Kd6 30.
Bxe6 fxe6 31. Rxf4 Rg3 32. Rf7 Rxg4 33. Rxb7 Rxc4+ 34. Kd2 Rb4 35. Rxb4 axb4 36. Kd3 Kd5 37. a4 bxa3 38.
bxa3 Kc5 39. Kc3 Kb5 40. Kd4 Ka4 41. Kc5 e5 42. Kc4 0-1

[Event "Live Chess"]
[Site "Chess.com"]
[Date "2023.05.21"]
[Round "-"]
[White "ClassyChameleon"]
[Black "SupremeTactician"]
[Result "0-1"]
[WhiteElo "1083"]
[BlackElo "2213"]
[TimeControl "300"]
[EndTime "6:48:49 PDT"]
[Termination "SupremeTactician won by checkmate"]

1. e4 e5 2. Nf3 Nc6 3. c3 d5 4.
d3 dxe4 5. dxe4 Qxd1+ 6. Kxd1 Nf6 7. Bb5 Bg4 8. Bxc6+ bxc6 9. Nd2 O-O-O 10. Kc2 Bxf3 11. Nxf3 Bd6 12. Be3 Nxe4 13. Bxa7 Kb7 14. Be3 f5 15. Ng5 Nxg5 16. Bxg5 Rd7 17. h4 h6 18. Be3 Rhd8 19. g3 Be7 20. Rac1 Bf6 21. Kb1 Rd3 22. a3 R8d6 23. Bc5 Re6 24. Bf8 e4 25. Rhe1 g5 26. Bxh6 gxh4 27. Bf4 hxg3 28. Bxg3 Bg5 29. Rcd1 Rxd1+ 30. Rxd1 f4 31. Bh2 Rh6 32.
Bg1 Rh1 33. Kc2 f3 34. Kb3 Bh4 35. Kb4 Rxg1 36. Rxg1 Bxf2 37. Rg4 e3 38. Kc5 e2+ 39. Kc4 e1=Q 40. Kb3 Qe6+ 41. Rc4 Bc5 42. a4 f2 43.
a5 f1=Q 44. a6+ Kxa6 45. Ka4 Qexc4+ 46. b4 Qa1# 0-1

[Event "Live Chess"]
[Site "Chess.com"]
[Date "2023.05.21"]
[Round "-"]
[White "McSlash1"]
[Black "gmnorfolk"]
[Result "0-1"]
[WhiteElo "1988"]
[BlackElo "2146"]
[TimeControl "300"]
[EndTime "6:48:52 PDT"]
[Termination "gmnorfolk won by resignation"]

1. e4 e5 2. Nf3 Nc6 3. Bb5 a6 4.
Ba4 Nf6 5. Bb3 Be7 6. O-O O-O 7.
Re1 b5 8. d3 Bb7 9. c3 d5 10.
h3 dxe4 11. Ng5 exd3 12. Nd2 h6 13. Nge4 Nxe4 14. Nxe4 Kh8 15. f4 f5 16. Ng5 Bxg5 17. fxg5 e4 18. Qh5 d2 19. Rd1 dxc1=Q 20. Raxc1 Qxg5 21. Qe2 Ne5 22. Rf1 Nd3 23. Rcd1 f4 24. Bc2 f3 25. Qd2 e3 0-1

[Event "Live Chess"]
[Site "Chess.com"]
[Date "2023.05.21"]
[Round "-"]
[White "Olisingapore"]
[Black "wadsy27"]
[Result "0-1"]
[WhiteElo "1791"]
[BlackElo "2554"]
[TimeControl "300"]
[EndTime "6:48:58 PDT"]
[Termination "wadsy27 won by resignation"]

1. d4 d5 2. c4 c6 3. Nf3 Nf6 4. g3 Bf5 5. Bg2 h6 6. O-O e6 7. Nc3 Be7 8. Qb3 Qb6 9. c5 Qxb3 10. axb3 O-O 11. Bd2 a6 12. Ra3 Nbd7 13. Rfa1 g5 14. b4 Rac8 15. h4 g4 16. Ne5 Kg7 17. Nxd7 Nxd7 18.
Bf4 Bf6 19. e4 dxe4 20. Bxe4 Bxe4 21. Nxe4 Bxd4 22. Rd1 e5 23. Bxe5+ Nxe5 24. Rxd4 Nf3+ 25. Kg2 Nxd4 26. Rd3 Nf5 27. Nd6 Nxd6 28. cxd6 Rcd8 29. d7 f5 0-1

[Event "Live Chess"]
[Site "Chess.com"]
[Date "2023.05.21"]
[Round "-"]
[White "raminguy"]
[Black "JanMur7"]
[Result "0-1"]
[WhiteElo "1942"]
[BlackElo "1976"]
[TimeControl "300"]
[EndTime "6:48:59 PDT"]
[Termination "JanMur7 won by resignation"]

1. d4 Nf6 2. Nc3 d5 3. Bf4 e6 4. Nb5 Na6 5. e3 Be7 6. Nf3 O-O 7. Bd3 b6 8. Ne5 Bb7 9. g4 c5 10. g5 Nd7 11. Qh5 g6 12. Qh6 c4 13. Be2 Nxe5 14.
dxe5 d4 15. f3 d3 16. O-O-O Qe8 17. Nd6 Bxd6 18. exd6 dxe2 19. Rde1 e5 20. Bg3 Bxf3 21. Rhg1 Bh5 0-1

[Event "Live Chess"]
[Site "Chess.com"]
[Date "2023.05.21"]
[Round "-"]
[White "Ferrarifan27"]
[Black "zdanevych"]
[Result "1-0"]
[WhiteElo "2071"]
[BlackElo "1497"]
[TimeControl "300"]
[EndTime "6:49:13 PDT"]
[Termination "Ferrarifan27 won by checkmate"]

1. e4 c5 2. Nf3 e6 3. d4 d5 4. exd5 exd5 5. Bb5+ Nc6 6. O-O a6 7. Bxc6+ bxc6 8. Re1+ Be6 9. Ng5 Be7 10. Nxe6 fxe6 11.
Rxe6 Nf6 12. dxc5 O-O 13. Rxc6 Ne4 14. Be3 Bg5 15. Bxg5 Qxg5 16. Nc3 Nxf2 17. Qxd5+ Qxd5 18. Nxd5 Ng4 19. h3 Ne5 20. Rc7 Nc4 21. b3 Nd2 22. Re1 Rf5 23. c4 Rff8 24. Ree7 Rfe8 25. Rxg7+ Kf8 26. Rcf7# 1-0

[Event "Live Chess"]
[Site "Chess.com"]
[Date "2023.05.21"]
[Round "-"]
[White "grillage"]
[Black "JoeRoot66"]
[Result "0-1"]
[WhiteElo "1768"]
[BlackElo "1895"]
[TimeControl "300"]
[EndTime "6:49:15 PDT"]
[Termination "JoeRoot66 won by checkmate"]

1. d4 Nf6 2. Nc3 d5 3. Bf4 c5 4. e4 Nxe4 5. Nxe4 dxe4 6. dxc5 Qa5+ 7. c3 Qxc5 8. Qa4+ Nc6 9. Qxe4 g6 10. Nf3 Bg7 11. Rd1 Bf5 12. Qa4 O-O 13. Be3 Qa5 14.
Qh4 Rfd8 15. Rxd8+ Rxd8 16. Bc4 Bxc3+ 17. bxc3 Qxc3+ 18. Bd2 Qa1+ 19. Ke2 Qxh1 20. Ng5 h5 21. Nxf7 Rd4 22. Nh6+ Kh7 23. Bg8+ Kg7 24. Qg5 Re4+ 25. Be3 Nd4+ 26. Kd2 Qb1 27. Bxd4+ Rxd4+ 28. Ke2 Qd1+ 29. Ke3 Qd3# 0-1

[Event "Live Chess"]
[Site "Chess.com"]
[Date "2023.05.21"]
[Round "-"]
[White "McSlash1"]
[Black "ClassyChameleon"]
[Result "1-0"]
[WhiteElo "1988"]
[BlackElo "1083"]
[TimeControl "300"]
[EndTime "6:49:34 PDT"]
[Termination "McSlash1 won by checkmate"]

1. e4 e5 2. Nf3 Nc6 3. Bb5 Nf6 4.
O-O Nxe4 5. Re1 d5 6. d3 Nf6 7. Nxe5 Bd7 8. Nxc6+ Be7 9. Nxd8 Rxd8 10. Qe2 Bxb5 11. Qxe7# 1-0

[Event "Live Chess"]
[Site "Chess.com"]
[Date "2023.05.21"]
[Round "-"]
[White "MJMykh"]
[Black "HadesLearmonth"]
[Result "0-1"]
[WhiteElo "1162"]
[BlackElo "1208"]
[TimeControl "300"]
[EndTime "6:49:36 PDT"]
[Termination "HadesLearmonth won by resignation"]

1. e4 e5 2. Nf3 Nc6 3. Nc3 Nf6 4.
Bc4 Bc5 5. Ng5 O-O 6. Nxf7 Rxf7 7. Bxf7+ Kxf7 8. O-O d5 9. exd5 Nxd5 10. Nxd5 Qxd5 11.
h3 Nd4 12. Qh5+ Kg8 13. Qe8+ Bf8 14. c3 Bxh3 15. gxh3 Rxe8 16. cxd4 exd4 17. d3 Re6 18.
Kh2 Rg6 19. f3 Bd6+ 20. Kh1 Qe5 21. Rf2 Qg3 0-1

[Event "Live Chess"]
[Site "Chess.com"]
[Date "2023.05.21"]
[Round "-"]
[White "ossie57"]
[Black "JohanKjeldahl"]
[Result "1/2-1/2"]
[WhiteElo "1838"]
[BlackElo "1880"]
[TimeControl "300"]
[EndTime "6:49:38 PDT"]
[Termination "Game drawn by repetition"]

1. d4 Nf6 2. Nc3 c5 3. d5 d6 4.
e4 Nbd7 5. Bc4 a6 6. a4 g6 7. Bg5 Bg7 8. Qd2 O-O 9. h4 Ne5 10. Be2 Bd7 11. Bxf6 Bxf6 12. h5 g5 13. Nf3 h6 14. Nxe5 Bxe5 15. g3 f5 16. f4 Bf6 17.
Bd3 fxe4 18. Nxe4 e5 19. fxg5 Bxg5 20. Nxg5 Qxg5 21. Qxg5+ hxg5 22. Bg6 Bf5 23. Bxf5 Rxf5 24. Rf1 Raf8 25. Rxf5 Rxf5 26. Ke2 g4 27. Rh1 Kh7 28. Rh4 Rg5 29. Ke3 Kh6 30. Ke4 b5 31. axb5 axb5 32.
b3 Rxh5 33. Rxg4 Rg5 34. Rh4+ Rh5 35. Rg4 Rg5 36. Rh4+ Rh5 37. Rg4 1/2-1/2

[Event "Live Chess"]
[Site "Chess.com"]
[Date "2023.05.21"]
[Round "-"]
[White "YrrriKharkiv"]
[Black "HonestJoe1"]
[Result "1-0"]
[WhiteElo "2074"]
[BlackElo "2089"]
[TimeControl "300"]
[EndTime "6:49:39 PDT"]
[Termination "YrrriKharkiv won by resignation"]

1. d4 Nf6 2. Nf3 c5 3. d5 e6 4.
c4 b5 5. Bg5 bxc4 6. dxe6 fxe6 7.
e4 Qa5+ 8. Bd2 Qb6 9. Qc2 Ba6 10. Nc3 Nc6 11. Na4 Qc7 12. Bxc4 Bxc4 13. Qxc4 d5 14.
exd5 exd5 15. Qe2+ Be7 16. Nxc5 Nd4 17. Nxd4 Qxc5 18.
Ne6 Qd6 19. Bf4 Qb4+ 20. Bd2 Qd6 21. Nxg7+ Kf7 22. Nf5 1-0

[Event "Live Chess"]
[Site "Chess.com"]
[Date "2023.05.21"]
[Round "-"]
[White "Tushinskiy"]
[Black "JackCheetham1"]
[Result "1-0"]
[WhiteElo "2216"]
[BlackElo "1714"]
[TimeControl "300"]
[EndTime "6:49:41 PDT"]
[Termination "Tushinskiy won by resignation"]

1. d4 Nf6 2. c3 e6 3. Nf3 d5 4. Bf4 Bd6 5. Bg3 O-O 6. Nbd2 Nbd7 7. e3 Re8 8. Bd3 e5 9. dxe5 Nxe5 10. Nxe5 Bxe5 11.
Nf3 Bxg3 12. hxg3 Bg4 13. Qc2 h6 14. O-O-O c6 15. Bf5 Qa5 16. Bxg4 Nxg4 17. Kb1 Rad8 18.
Rh4 Ne5 19. g4 Nc4 20. g5 Qb6 21. Ka1 Re6 22. gxh6 Rxh6 23. Rxh6 gxh6 24. Nd4 Rd6 25.
b3 Ne5 26. Qf5 Ng6 27. Rh1 Kg7 28. Qh5 Nf8 29. Nf5+ 1-0

[Event "Live Chess"]
[Site "Chess.com"]
[Date "2023.05.21"]
[Round "-"]
[White "GMMickeyAdams"]
[Black "seabuck"]
[Result "1-0"]
[WhiteElo "2785"]
[BlackElo "1878"]
[TimeControl "300"]
[EndTime "6:49:42 PDT"]
[Termination "GMMickeyAdams won by resignation"]

1. d4 e6 2. e4 d5 3. Bd3 dxe4 4. Bxe4 Nf6 5. Bf3 Be7 6. Ne2 Nbd7 7. c4 c6 8. Nbc3 Bb4 9. O-O O-O 10. Bf4 Nb6 11. b3 a6 12. Qc2 Qe7 13. Rad1 Bxc3 14. Nxc3 Nbd7 15. Rfe1 Qb4 16. h4 c5 17. d5 exd5 18.
Nxd5 Nxd5 19. Bxd5 Nf6 20. Bd2 Qb6 21. Bc3 Bg4 22. f3 Nxd5 23. Rxd5 Be6 24. Rh5 g6 25. Rhe5 Rfe8 26. Ba1 Bd7 27. Qd3 Rxe5 28. Rxe5 Bf5 29. Qe3 Qc6 30. Qh6 1-0

[Event "Live Chess"]
[Site "Chess.com"]
[Date "2023.05.21"]
[Round "-"]
[White "raminguy"]
[Black "Olisingapore"]
[Result "1-0"]
[WhiteElo "1947"]
[BlackElo "1786"]
[TimeControl "300"]
[EndTime "6:49:44 PDT"]
[Termination "raminguy won by resignation"]

1. d4 Nf6 2. Nc3 d5 3. Bf4 c5 4.
e3 Nc6 5. Nb5 Bf5 6. Nc7+ Kd7 7.
Nxa8 Qxa8 8. c3 e6 9. Nf3 Bd6 10.
Ne5+ Nxe5 11. dxe5 1-0